[Event "Early-Titled-Tuesday-Blitz-April-02-2024"]
[Site "Chess.com"]
[Date "2024.04.02"]
[Round "1"]
[White "luckyswitchback"]
[Black "RamonManon0g"]
[Result "1-0"]
[WhiteElo "2714"]
[BlackElo "2403"]
[TimeControl "180+1"]
[EndTime "8:06:30 PDT"]
[Termination "luckyswitchback won by resignation"]

1. e4 c5 2. Nf3 d6 3. Bb5+ Nd7 4. a4 a6 5. Be2 Ngf6 6. Nc3 e5 7. a5 Be7 8. O-O O-O 9. d3 b5 10. axb6 Nxb6 11.
b3 a5 12. Nd2 Bd7 13. f4 exf4 14. Nf3 d5 15. e5 Ng4 16. Bxf4 d4 17. Ne4 Nd5 18. Qd2 Nxf4 19. Qxf4 Ne3 20. Rfc1 a4 21. bxa4 Bxa4 22. c3 h6 23. cxd4 cxd4 24. Nd6 Bg5 25.
Nxg5 Qxg5 26. Qxg5 hxg5 27. Bf3 Ra5 28. Nc4 Ra7 29.
Nxe3 dxe3 30. Rc4 g4 31. Rxg4 Rb8 32. h4 Rd7 33. Rgxa4 Rxd3 34. Ra8 Rxa8 35. Rxa8+ Kh7 36. Be4+ 1-0

[Event "Early-Titled-Tuesday-Blitz-April-02-2024"]
[Site "Chess.com"]
[Date "2024.04.02"]
[Round "1"]
[White "PapaieDudu"]
[Black "IMRosen"]
[Result "0-1"]
[WhiteElo "2397"]
[BlackElo "2696"]
[TimeControl "180+1"]
[EndTime "8:06:30 PDT"]
[Termination "IMRosen won by resignation"]

1. Nf3 d5 2. d4 Nf6 3. c4 e6 4.
Nc3 Nbd7 5. Bg5 c6 6. e3 Qa5 7. Nd2 Bb4 8. Qc2 Ne4 9. Ndxe4 dxe4 10. Bf4 e5 11. dxe5 Nxe5 12. Be2 Bxc3+ 13. bxc3 Bf5 14.
O-O O-O 15. Rab1 b6 16. Rfd1 Rad8 17. Bg5 f6 18. Bf4 Qc5 19. Rd4 Nd3 20. Bg3 Qe7 21.
Rd1 c5 22. Rd5 Rxd5 23. cxd5 c4 24. Qa4 Rc8 25. d6 Qf7 26. f3 Qd7 27. fxe4 Qxa4 28. exf5 Qb5 29. e4 Qc5+ 30. Kf1 Rd8 31. Bxd3 cxd3 32. Rxd3 Qc4 33. Ke2 Qxe4+ 34. Kd2 Qxg2+ 35. Kc1 Qf1+ 36. Kc2 Qxf5 37. Kd2 h6 38. c4 h5 0-1

[Event "Early-Titled-Tuesday-Blitz-April-02-2024"]
[Site "Chess.com"]
[Date "2024.04.02"]
[Round "1"]
[White "Lukianoo"]
[Black "MaxLeto"]
[Result "1-0"]
[WhiteElo "2804"]
[BlackElo "2476"]
[TimeControl "180+1"]
[EndTime "8:06:31 PDT"]
[Termination "Lukianoo won by resignation"]

1. e4 c5 2. b3 Nc6 3. Bb2 d6 4. Bb5 e5 5. Ne2 Ne7 6. O-O a6 7. Bxc6+ Nxc6 8. f4 Be7 9. Nbc3 O-O 10. Nd5 f5 11. d3 Be6 12. c4 Nd4 13. Qd2 Bxd5 14.
exd5 Bf6 15. fxe5 Bxe5 16. Bxd4 cxd4 17. Nf4 Qg5 18. Qf2 Rf6 19. g3 h5 20. h4 Qg4 21.
Rae1 b5 22. c5 Rc8 23. c6 Rc7 24. Qf3 Re7 25. Qxg4 hxg4 26. Ne6 g6 27. Kg2 Kf7 28.
Re2 Rfxe6 29. dxe6+ Kxe6 30. a4 Rc7 31. Rc2 Kd5 32.
h5 gxh5 33. axb5 axb5 34. Rxf5 Rxc6 35. Rxc6 Kxc6 36. b4 Kd5 37. Rxh5 Ke6 38. Rg5 d5 39. Rxg4 Kf5 40. Kf3 Bd6 41. Rxd4 Ke5 42. Rh4 d4 43. Rh5+ Ke6 44. Rxb5 Be5 45. g4 Kf6 46. Ke4 Bg3 47.
Rf5+ Kg6 48. b5 Bc7 49. Rc5 Bb6 50. Rc6+ Kg5 51. Rxb6 1-0

[Event "Early-Titled-Tuesday-Blitz-April-02-2024"]
[Site "Chess.com"]
[Date "2024.04.02"]
[Round "1"]
[White "bipe137"]
[Black "MNyuyu"]
[Result "1-0"]
[WhiteElo "2675"]
[BlackElo "2378"]
[TimeControl "180+1"]
[EndTime "8:06:31 PDT"]
[Termination "bipe137 won by resignation"]

1. d4 d5 2. c4 e6 3. Nc3 Nf6 4. cxd5 exd5 5. Bg5 Be7 6. e3 O-O 7. Bd3 c6 8. Qc2 Nbd7 9. Nge2 Re8 10. O-O Nf8 11.
f3 N6d7 12. Bxe7 Qxe7 13. e4 dxe4 14. fxe4 Nb6 15. Kh1 Bg4 16. e5 Bxe2 17. Nxe2 Rad8 18.
Rf3 Nd5 19. a3 f6 20. exf6 Nxf6 21. Raf1 Ne6 22. Rh3 h6 23. Re3 Nxd4 24. Qc4+ Ne6 25. Bf5 Rd6 26. Nf4 Nd5 27. Rxe6 Qf8 28. Rxe8 Qxe8 29.
Nxd5 cxd5 30. Qd4 Kh8 31. h3 Rf6 32. Bd3 Rxf1+ 33. Bxf1 Qe6 34. Bd3 b6 35. Qf4 1-0

[Event "Early-Titled-Tuesday-Blitz-April-02-2024"]
[Site "Chess.com"]
[Date "2024.04.02"]
[Round "1"]
[White "Martial2008"]
[Black "EvgenyBurmakin"]
[Result "1/2-1/2"]
[WhiteElo "2640"]
[BlackElo "2353"]
[TimeControl "180+1"]
[EndTime "8:06:32 PDT"]
[Termination "Game drawn by repetition"]

1. d4 Nf6 2. Nf3 g6 3. Bg5 Bg7 4. Nbd2 d5 5. e3 h6 6. Bh4 c5 7. Be2 Nc6 8. c3 O-O 9. O-O Bf5 10. h3 cxd4 11. exd4 Ne4 12. Re1 g5 13. Bg3 Nxg3 14.
fxg3 Qd7 15. Nf1 Be4 16. Bd3 f5 17. Ne3 Rae8 18. g4 fxg4 19. hxg4 Rf4 20. Bxe4 dxe4 21. Nh2 e6 22. Qe2 Ref8 23. Rf1 Ne7 24. g3 R4f7 25.
Rxf7 Rxf7 26. Rf1 Nd5 27. Rxf7 Qxf7 28. Nhf1 a6 29. Qf2 Qxf2+ 30. Kxf2 Kf7 31. Nd2 Nf6 32.
Ndc4 Bf8 33. Ne5+ Ke8 34. a4 b5 35. a5 Bd6 36. b4 Nd5 37. Nxd5 exd5 38. Ke3 Bxe5 39.
dxe5 Kd7 40. c4 dxc4 41. Kxe4 Ke6 42. Kd4 Kd7 43. Ke4 Ke6 44. Kd4 Kd7 45. Ke3 Ke7 46.
Ke4 Ke6 1/2-1/2

[Event "Early-Titled-Tuesday-Blitz-April-02-2024"]
[Site "Chess.com"]
[Date "2024.04.02"]
[Round "1"]
[White "WilsonPalencia21"]
[Black "carloseduar100"]
[Result "1-0"]
[WhiteElo "2587"]
[BlackElo "2191"]
[TimeControl "180+1"]
[EndTime "8:06:34 PDT"]
[Termination "WilsonPalencia21 won by resignation"]

1. d4 d5 2. c4 e5 3. dxe5 d4 4.
Nf3 Nc6 5. g3 Bg4 6. Bg2 Qd7 7. h3 Bh5 8. O-O O-O-O 9. Nbd2 f6 10. exf6 Nxf6 11. Nb3 d3 12. exd3 Qxd3 13. Qxd3 Rxd3 14.
Be3 Bd6 15. Rfd1 Rxe3 16. fxe3 Bxg3 17. Nbd4 Ne5 18. Rf1 Nxc4 19. Nf5 Be5 20. Nxe5 Nxe5 21. Nxg7 Ned7 22. Nxh5 Nxh5 23. Rf7 Ne5 24. Rf5 Nc4 25. Rxh5 Nxe3 26. Bf3 Rf8 27. Bg4+ Kb8 28. Re1 Nc4 29. b3 Nd2 30. Re7 1-0

[Event "Early-Titled-Tuesday-Blitz-April-02-2024"]
[Site "Chess.com"]
[Date "2024.04.02"]
[Round "1"]
[White "FREZZY23"]
[Black "AradNazari"]
[Result "1-0"]
[WhiteElo "2411"]
[BlackElo "2674"]
[TimeControl "180+1"]
[EndTime "8:06:35 PDT"]
[Termination "FREZZY23 won by checkmate"]

1. Nf3 Nf6 2. g3 g6 3. Bg2 Bg7 4. O-O O-O 5. d4 d5 6. Kh1 c6 7.
c4 dxc4 8. Qc2 b5 9. a4 Bf5 10. Qd1 b4 11. Nbd2 c3 12. bxc3 bxc3 13. Nc4 Be4 14.
Bf4 Nd5 15. Bg5 h6 16. Bc1 Nd7 17. Ba3 N7b6 18. Nce5 Rc8 19. Rc1 f6 20. Nd3 g5 21.
Nc5 Bf5 22. e4 Bg4 23. exd5 Nxd5 24. h3 Bd7 25. Re1 Rf7 26. Ne6 Bxe6 27. Rxe6 Qd7 28. Qe2 h5 29. Re1 Re8 30. Ng1 g4 31. hxg4 hxg4 32.
Qxg4 c2 33. Bh3 Nc3 34. Qf3 Nd1 35. Rxd1 cxd1=Q 36. Qxd1 Qd5+ 37. Kh2 f5 38. Qe2 Qxd4 39. Nf3 Qc3 40. Ng5 Qxa3 41. Nxf7 Kxf7 42. Bxf5 Bf6 43. Qh5+ Kf8 44. Qh6+ Bg7 45. Qf4 Kg8 46. Qc4 Kh8 47. Rg6 Qc3 48. Qh4+ Kg8 49. Be6+ Kf8 50. Qf4+ Bf6 51. Rg8# 1-0

[Event "Early-Titled-Tuesday-Blitz-April-02-2024"]
[Site "Chess.com"]
[Date "2024.04.02"]
[Round "1"]
[White "ReadySkate"]
[Black "Sofia_Blokhin"]
[Result "1-0"]
[WhiteElo "2601"]
[BlackElo "2228"]
[TimeControl "180+1"]
[EndTime "8:06:35 PDT"]
[Termination "ReadySkate won on time"]

1. d4 f5 2. Nc3 Nf6 3. Bg5 e6 4. e4 fxe4 5. Nxe4 Be7 6. Bxf6 Bxf6 7. Qh5+ g6 8. Qh6 d5 9. Nxf6+ Qxf6 10. Nf3 Nc6 11.
O-O-O Bd7 12. h4 O-O-O 13. h5 Rdf8 14. c3 a6 15. Bd3 Be8 16. Rde1 gxh5 17. Rxe6 Qxh6+ 18. Rxh6 Bg6 19. Bxg6 hxg6 20. Rxg6 Rhg8 21. Rxg8 Rxg8 22.
Nh4 Ne7 23. f3 c6 24. Kd2 Ng6 25. Nf5 h4 26. Rxh4 Nxh4 27. Ne7+ Kd7 28. Nxg8 Nxg2 29.
Nf6+ Ke6 30. Nh5 Nh4 31. Ke3 Nf5+ 32. Kf4 Nd6 33. Ng7+ Kd7 34. Nf5 Nc4 35. b3 Nd2 36.
Ke3 Nb1 37. Kd3 Na3 38. Ne3 Nb5 39. a4 Nd6 40. Ng4 Ke6 41. Ne5 Kf5 42. c4 dxc4+ 43. bxc4 Kf4 44. c5 Nf5 45. Nc4 Ne7 46. Nd6 Kxf3 47. Nxb7 Nd5 48. Na5 Nb4+ 49. Kc4 Nc2 50.
Nxc6 1-0

[Event "Early-Titled-Tuesday-Blitz-April-02-2024"]
[Site "Chess.com"]
[Date "2024.04.02"]
[Round "1"]
[White "FairChess_on_YouTube"]
[Black "ChainedDowntohell"]
[Result "1-0"]
[WhiteElo "3076"]
[BlackElo "2546"]
[TimeControl "180+1"]
[EndTime "8:06:36 PDT"]
[Termination "FairChess_on_YouTube won by resignation"]

1. d4 Nf6 2. c4 b6 3. f3 c5 4. d5 b5 5. cxb5 e6 6. e4 a6 7. Nc3 d6 8. dxe6 Bxe6 9. Nge2 axb5 10. Nxb5 Be7 11. Nf4 O-O 12. Nc3 Nc6 13. Be2 Qb6 14. O-O c4+ 15. Kh1 Ne5 16. Nxe6 fxe6 17. f4 Nd3 18. Bxd3 cxd3 19. Qxd3 Ng4 20. Qe2 Nf6 21.
Be3 Qb4 22. a3 Qb3 23. Bd4 Rab8 24. e5 dxe5 25. Bxe5 Rb6 26. Ne4 Nd5 27. Rf3 Qa4 28. Raf1 Rf7 29. h3 Rc6 30. Nc3 Nxc3 31. Rxc3 Bf8 32. b3 Qa8 33. Qe4 Ra6 34. Qxa8 Rxa8 35. a4 Rb7 36. Rff3 Rd8 37. Rfd3 Ra8 38. Rc7 Rb4 39. Rdd7 Rab8 40. Bxg7 Rxb3 41. Bxf8 Kxf8 42. Rxh7 Kg8 43. Rcg7+ Kf8 44. Rg6 R8b6 45. Rhh6 Kf7 46. f5 Ra3 47. fxe6+ Kf8 48. e7+ 1-0

[Event "Early-Titled-Tuesday-Blitz-April-02-2024"]
[Site "Chess.com"]
[Date "2024.04.02"]
[Round "1"]
[White "Incognito_Knight"]
[Black "emeli_chess"]
[Result "1-0"]
[WhiteElo "2715"]
[BlackElo "2406"]
[TimeControl "180+1"]
[EndTime "8:06:38 PDT"]
[Termination "Incognito_Knight won by resignation"]

1. e4 e5 2. Nf3 Nc6 3. Nc3 Nf6 4. a3 d5 5. Bb5 d4 6. Ne2 Bd6 7. d3 h6 8. O-O Bd7 9. Ng3 Ne7 10. Bc4 O-O 11. a4 c5 12. Bd2 Qc8 13. c3 Be6 14. Qb3 Bxc4 15. Qxc4 Qe6 16. Qxe6 fxe6 17. a5 b5 18. b4 Nc6 19. bxc5 Bxc5 20. cxd4 Bxd4 21. Rac1 Rfc8 22. a6 Ne7 23. Ne2 Bb2 24. Rb1 Rc2 25. Rfd1 Nc6 26. Ne1 Rxd2 27. Rxd2 Bd4 28. Rc2 Rc8 29. Rbc1 1-0

[Event "Early-Titled-Tuesday-Blitz-April-02-2024"]
[Site "Chess.com"]
[Date "2024.04.02"]
[Round "1"]
[White "Gabcur"]
[Black "AsterPhoenix"]
[Result "0-1"]
[WhiteElo "2347"]
[BlackElo "2653"]
[TimeControl "180+1"]
[EndTime "8:06:38 PDT"]
[Termination "AsterPhoenix won by resignation"]

1. d4 Nf6 2. Nc3 d5 3. Bf4 c5 4. e3 cxd4 5. exd4 Bg4 6. f3 Bd7 7. Bd3 Nc6 8. Nge2 a6 9. g4 e6 10. h4 Qb6 11. h5 h6 12. Be3 Bd6 13. Kf2 Nb4 14. Qd2 Nxd3+ 15. Qxd3 O-O-O 16. a4 Kb8 17. Bf4 Rc8 18. Bxd6+ Qxd6 19. Qe3 Rc4 20. Nf4 Qb6 21. Nfe2 Qxb2 22. Rhc1 Qb6 23. Rab1 Qc7 24. g5 hxg5 25. Qxg5 Qh2+ 26. Ke3 Rhc8 27. Rb3 Nxh5 28. Rcb1 R4c7 29. Qe7 Bc6 30. R3b2 Rxe7 0-1

[Event "Early-Titled-Tuesday-Blitz-April-02-2024"]
[Site "Chess.com"]
[Date "2024.04.02"]
[Round "1"]
[White "GMAkobianSTL"]
[Black "Vse_po_kaify"]
[Result "0-1"]
[WhiteElo "2773"]
[BlackElo "2484"]
[TimeControl "180+1"]
[EndTime "8:06:39 PDT"]
[Termination "Vse_po_kaify won on time"]

1. d4 Nf6 2. c4 e6 3. Nf3 Bb4+ 4. Bd2 Qe7 5. Nc3 Nc6 6. e3 O-O 7. Bd3 e5 8. dxe5 Nxe5 9. Nxe5 Qxe5 10. Qc2 d6 11. a3 Ba5 12. O-O-O a6 13. f4 Qe7 14. e4 c6 15. Rde1 h6 16. h3 b5 17. g4 Nd7 18.
h4 Nc5 19. g5 h5 20. f5 Nxd3+ 21.
Qxd3 bxc4 22. Qxc4 Qe5 23. Rhf1 Rb8 24. Bf4 Qe7 25. f6 Qb7 26. b4 Be6 27. Qd3 g6 28.
Bxd6 Rfd8 29. Qg3 c5 30. Bxc5 Bc7 31. Qe3 a5 32. Rd1 axb4 33. Rxd8+ Rxd8 34. axb4 Qa6 35.
Rd1 Ra8 36. Kd2 Qc4 37. Qd3 Rd8 0-1

[Event "Early-Titled-Tuesday-Blitz-April-02-2024"]
[Site "Chess.com"]
[Date "2024.04.02"]
[Round "1"]
[White "schachlana"]
[Black "Hamisandwich"]
[Result "0-1"]
[WhiteElo "2395"]
[BlackElo "2706"]
[TimeControl "180+1"]
[EndTime "8:06:44 PDT"]
[Termination "Hamisandwich won by resignation"]

1. d4 Nf6 2. c4 c6 3. g3 d5 4. Bg2 Bf5 5. Nf3 dxc4 6. Ne5 Be4 7.
f3 Bxb1 8. Rxb1 b5 9. O-O e6 10. b3 Nd5 11. bxc4 Nc3 12. Qb3 Qxd4+ 13. Kh1 Nxb1 14. Bb2 Nd2 15. Qc2 Qd8 16. Rd1 Bb4 17.
cxb5 O-O 18. a3 Ba5 19. bxc6 Qb6 20. Rxd2 Bxd2 21. Qxd2 Nxc6 22. f4 Nxe5 23. fxe5 Rab8 24. Bd4 Rfd8 25. Bxb6 Rxd2 26. Bxa7 Rd1+ 0-1

[Event "Early-Titled-Tuesday-Blitz-April-02-2024"]
[Site "Chess.com"]
[Date "2024.04.02"]
[Round "1"]
[White "GlavkonVVS"]
[Black "arnash_bauyrzhan"]
[Result "1-0"]
[WhiteElo "2658"]
[BlackElo "2358"]
[TimeControl "180+1"]
[EndTime "8:06:45 PDT"]
[Termination "GlavkonVVS won on time"]

1. c4 Nf6 2. Nc3 e5 3. g3 Nc6 4. Bg2 Bb4 5. Nf3 d6 6. O-O O-O 7. d3 Be6 8. Bg5 Bxc3 9. bxc3 h6 10. Bd2 e4 11. Nd4 Nxd4 12. cxd4 exd3 13. exd3 d5 14. c5 b6 15. Qc2 bxc5 16. Qxc5 Nd7 17. Qa3 Qf6 18.
Rac1 Qxd4 19. Rxc7 Ne5 20. Be3 Qxd3 21. Qxd3 Nxd3 22. Bxa7 Rfc8 23. Rxc8+ Rxc8 24. Rb1 d4 25. a4 Nc5 26. a5 d3 27. Bf3 d2 28. Rd1 Nb3 29.
Bb6 1-0

[Event "Early-Titled-Tuesday-Blitz-April-02-2024"]
[Site "Chess.com"]
[Date "2024.04.02"]
[Round "1"]
[White "Bauman_Guy"]
[Black "savitha1030"]
[Result "1-0"]
[WhiteElo "2901"]
[BlackElo "2510"]
[TimeControl "180+1"]
[EndTime "8:06:47 PDT"]
[Termination "Bauman_Guy won by resignation"]

1. e4 c5 2. Nf3 e6 3. d4 cxd4 4. Nxd4 Nc6 5. Nc3 a6 6. g3 Qc7 7. Bg2 b5 8. O-O Bb7 9. Re1 Bc5 10. Be3 Nxd4 11. Bxd4 Bxd4 12. Qxd4 e5 13. Qb4 Nf6 14. a4 bxa4 15. Rxa4 d6 16. Rd1 Rd8 17. Qb3 O-O 18. Rc4 Qe7 19. Rb4 Ba8 20. Rb6 a5 21. Qa3 Qa7 22.
Rdxd6 Rxd6 23. Qxd6 Ne8 24. Qb8 Qc7 25. Qxc7 Nxc7 26. Nd5 Ne6 27. Ra6 Nd4 28. c3 Nb3 29. Rb6 Nc1 30. Bf1 h5 31. Bc4 Kh7 32. Ra6 Rc8 33. Bf1 Rc5 34. Rxa8 1-0

[Event "Early-Titled-Tuesday-Blitz-April-02-2024"]
[Site "Chess.com"]
[Date "2024.04.02"]
[Round "1"]
[White "Gennady_Kozlov"]
[Black "KVAIDAN"]
[Result "0-1"]
[WhiteElo "2617"]
[BlackElo "2333"]
[TimeControl "180+1"]
[EndTime "8:06:51 PDT"]
[Termination "KVAIDAN won by resignation"]

1. b3 e6 2. Bb2 f5 3. e3 Nf6 4.
f4 b6 5. Nf3 Bb7 6. Be2 Be7 7.
O-O O-O 8. Qe1 Ne4 9. d3 Nd6 10. Nbd2 Bf6 11. Be5 Nc6 12. Qg3 Qe7 13. Rae1 Nf7 14.
Bxf6 Qxf6 15. e4 d6 16. Nc4 Nd4 17. e5 Nxe2+ 18. Rxe2 dxe5 19. fxe5 Qe7 20. Nd4 Qc5 21. c3 a5 22. Kh1 Bd5 23. a4 Bxc4 24. bxc4 Rfe8 25.
h4 Qa3 26. Nb5 Qc5 27. h5 Rac8 28. Nd4 Qa3 29. Kh2 Qxc3 30. Rf4 Rcd8 31. Qf2 Qxd3 32.
Rd2 Qb1 33. Rb2 Qd3 34. Rd2 Qa3 35. Nb5 Qe7 36. Nd4 Qg5 37. Rf3 c5 38. Rg3 Qh6 39.
Nxf5 Qxh5+ 40. Kg1 Qxf5 41. Rf3 Rxd2 42. Qxd2 Qxe5 43.
Qd7 Qd4+ 44. Qxd4 cxd4 45. Kf2 e5 46. Ke2 e4 0-1

[Event "Early-Titled-Tuesday-Blitz-April-02-2024"]
[Site "Chess.com"]
[Date "2024.04.02"]
[Round "1"]
[White "ccccvhhhj"]
[Black "ChessQueen"]
[Result "0-1"]
[WhiteElo "2408"]
[BlackElo "2715"]
[TimeControl "180+1"]
[EndTime "8:06:52 PDT"]
[Termination "ChessQueen won by resignation"]

1. e4 c6 2. d4 d5 3. e5 c5 4. dxc5 e6 5. Qg4 h5 6. Qg3 Ne7 7. Bd3 Nbc6 8. Nf3 g6 9. O-O Nf5 10. Bxf5 gxf5 11. Bg5 Be7 12. Bxe7 Qxe7 13. Qg7 Qf8 14. Qf6 Rh6 15. Qh4 Qe7 16. Qf4 Rg6 17. Nc3 Bd7 18. Nb5 O-O-O 19. Nd6+ Kb8 20. c3 Rdg8 21. g3 Rg4 22. Qd2 h4 23. b4 hxg3 24. fxg3 f4 25. b5 fxg3 26. bxc6 gxh2+ 27. Kh1 Bxc6 28. Nd4 Ka8 29. Nxc6 bxc6 30. Qb2 f5 31. Rab1 Qh7 32. Qb7+ Qxb7 33. Nxb7 Rg1+ 34. Rxg1 hxg1=Q+ 35. Rxg1 Rxg1+ 36. Kxg1 Kxb7 37. Kf2 Ka6 38. Kg3 Kb5 39. Kf4 Kxc5 40. Kg5 d4 41. cxd4+ Kxd4 42. Kf6 Kd5 43. a3 f4 0-1

[Event "Early-Titled-Tuesday-Blitz-April-02-2024"]
[Site "Chess.com"]
[Date "2024.04.02"]
[Round "1"]
[White "Irina_Mikhaylova"]
[Black "krstulov_alex"]
[Result "0-1"]
[WhiteElo "2340"]
[BlackElo "2648"]
[TimeControl "180+1"]
[EndTime "8:06:52 PDT"]
[Termination "krstulov_alex won by resignation"]

1. d4 Nf6 2. Nf3 g6 3. c4 Bg7 4.
Nc3 c5 5. e4 cxd4 6. Nxd4 O-O 7.
Be2 Nc6 8. Be3 d6 9. O-O Nxd4 10. Bxd4 Be6 11. Qd2 Nd7 12. Rac1 Bxd4 13. Qxd4 Qb6 14. Qxb6 Nxb6 15. b3 Rac8 16. Rfd1 Rfe8 17.
f3 Nd7 18. Kf2 g5 19. Ke3 Ne5 20. g3 h6 21. f4 Ng4+ 22. Bxg4 Bxg4 23. Rd2 f6 24.
Nd5 Be6 25. Rdc2 f5 26. Rc3 fxe4 27. Kxe4 Rc5 28. Ne3 a5 29. f5 Bd7 30. Nd5 Kg7 31. a3 Bxf5+ 32. Kxf5 e6+ 33. Kg4 exd5 34. cxd5 Rxd5 35.
Rc7+ Kg6 36. Rxb7 Rd3 37. h4 Re4+ 38. Kh3 g4+ 39. Kg2 Re2+ 40. Kf1 Rb2 41. b4 Rf3+ 42.
Ke1 Rxg3 43. Kf1 Rf3+ 44. Ke1 Rh3 0-1

[Event "Early-Titled-Tuesday-Blitz-April-02-2024"]
[Site "Chess.com"]
[Date "2024.04.02"]
[Round "1"]
[White "Rurep26"]
[Black "Road2GM3000"]
[Result "1-0"]
[WhiteElo "2725"]
[BlackElo "2424"]
[TimeControl "180+1"]
[EndTime "8:06:53 PDT"]
[Termination "Rurep26 won by resignation"]

1. d4 d5 2. Bf4 Nf6 3. e3 c6 4. Nd2 Qb6 5. Rb1 Bf5 6. Bd3 e6 7. Bxf5 exf5 8. Ngf3 Be7 9. O-O O-O 10. c4 Nbd7 11.
Qc2 Ne4 12. b4 Ndf6 13. Ne5 Nxd2 14. Qxd2 Ne4 15. Qc2 Qd8 16. f3 Nd6 17. c5 Nb5 18. Qxf5 Bf6 19. Nd7 Re8 20. Nxf6+ Qxf6 21. Qxf6 gxf6 22.
Rb2 a5 23. a4 Nc3 24. bxa5 Rxa5 25. Rc1 Nxa4 26. Rxb7 Kg7 27. g4 Kg6 28. Kg2 h5 29. h3 hxg4 30. hxg4 Rh8 31. Rc2 Nc3 32. Rxc3 Ra2+ 33. Kg3 Rhh2 34. Bd6 Kg5 35. f4+ Kg6 36. f5+ Kg7 37. e4 Rag2+ 38. Kf4 Rf2+ 39. Rf3 Re2 40. Re7 Rhg2 41. exd5 cxd5 42. Rxe2 Rxe2 43. Rd3 1-0

[Event "Early-Titled-Tuesday-Blitz-April-02-2024"]
[Site "Chess.com"]
[Date "2024.04.02"]
[Round "1"]
[White "edgarhay012"]
[Black "Shiner22"]
[Result "1-0"]
[WhiteElo "2630"]
[BlackElo "2305"]
[TimeControl "180+1"]
[EndTime "8:06:53 PDT"]
[Termination "edgarhay012 won by resignation"]

1. e4 c5 2. Nc3 Nc6 3. Bb5 Nd4 4. Bc4 g6 5. Nf3 Bg7 6. Nxd4 cxd4 7. Ne2 d6 8. d3 a6 9. O-O Rb8 10. a4 b5 11.
axb5 axb5 12. Bb3 Qb6 13. Bd2 Nf6 14. Ba5 Qc5 15. h3 O-O 16. Qe1 b4 17. Ra4 Qh5 18. Ng3 Qg5 19. Bxb4 h5 20. Ra5 e5 21. Bxd6 Bxh3 22. gxh3 Nd7 23. f4 Qd8 24. fxe5 Rxb3 25. cxb3 Re8 26. Qf2 f5 27. Rd5 Bh6 28. Kh1 Be3 29.
Qg2 Nf8 30. Nxf5 Qg5 31. Qxg5 Bxg5 32. Nxd4 Nh7 33. e6 Be3 34. e7 Kg7 35. Ne6+ Kh6 36. Nc7 Rc8 37. e8=Q 1-0

[Event "Early-Titled-Tuesday-Blitz-April-02-2024"]
[Site "Chess.com"]
[Date "2024.04.02"]
[Round "1"]
[White "vladislavkovalev"]
[Black "Noki102"]
[Result "1-0"]
[WhiteElo "2881"]
[BlackElo "2504"]
[TimeControl "180+1"]
[EndTime "8:06:54 PDT"]
[Termination "vladislavkovalev won by resignation"]

1. e4 e5 2. Nf3 Nc6 3. Bb5 a6 4. Ba4 Bc5 5. c3 Nge7 6. d4 Ba7 7. Nxe5 Nxe5 8. dxe5 Ng6 9. Qh5 Qe7 10. f4 O-O 11. g3 d6 12. Bb3 dxe5 13. f5 Nh8 14. Bg5 Qc5 15. Qe2 h6 16. h4 hxg5 17. hxg5 Qe3 18. g6 b5 19. Nd2 Bb7 20. Kf1 Qxe2+ 21.
Kxe2 c5 22. Rxh8+ Kxh8 23. Bxf7 Rxf7 24. gxf7 g6 25. f6 Bxe4 26. Nxe4 1-0

[Event "Early-Titled-Tuesday-Blitz-April-02-2024"]
[Site "Chess.com"]
[Date "2024.04.02"]
[Round "1"]
[White "VD_coach"]
[Black "Dewarfd"]
[Result "1-0"]
[WhiteElo "2571"]
[BlackElo "2125"]
[TimeControl "180+1"]
[EndTime "8:06:54 PDT"]
[Termination "VD_coach won on time"]

1. d4 Nf6 2. Nf3 g6 3. c4 Bg7 4.
g3 c6 5. Bg2 O-O 6. O-O d5 7.
cxd5 cxd5 8. Nc3 Nc6 9. Ne5 Be6 10. Bf4 Nh5 11. Nxc6 bxc6 12. Be3 Nf6 13. h3 Bf5 14. Rc1 Re8 15. Bf4 Nd7 16. e4 dxe4 17. Nxe4 Qb6 18. d5 cxd5 19. Qxd5 Be6 20. Qc6 Bxb2 21.
Qxb6 axb6 22. Rc7 Rxa2 23. Ng5 Nc5 24. Rc6 Bc4 25. Re1 b5 26. Rxc5 Bd4 27. Be3 Bxc5 28.
Bxc5 h6 29. Ne4 Rea8 30. Bxe7 Ra1 31. Nf6+ 1-0

[Event "Early-Titled-Tuesday-Blitz-April-02-2024"]
[Site "Chess.com"]
[Date "2024.04.02"]
[Round "1"]
[White "Vahe_Danielyan"]
[Black "Alenzer"]
[Result "1-0"]
[WhiteElo "2583"]
[BlackElo "2183"]
[TimeControl "180+1"]
[EndTime "8:06:56 PDT"]
[Termination "Vahe_Danielyan won by resignation"]

1. Nf3 d5 2. g3 c5 3. Bg2 Nc6 4. d4 e6 5. O-O Nf6 6. c4 Be7 7.
cxd5 exd5 8. Nc3 O-O 9. Bg5 h6 10. Bxf6 Bxf6 11. dxc5 Be6 12. Rc1 Qa5 13. Qd2 Qxc5 14.
Ne4 Qe7 15. Nxf6+ Qxf6 16. Rfd1 Rfd8 17. Nd4 Rac8 18. e3 a6 19. b3 Ne7 20. Qb4 b5 21. Qa5 Bg4 22. Re1 Rxc1 23. Rxc1 Rc8 24. Rxc8+ Bxc8 25. Qd8+ Kh7 26. Bxd5 Bh3 27. Be4+ g6 28. Bg2 Bxg2 29.
Kxg2 Qe5 30. Qa8 Qd6 31. Qf3 Nd5 32. Qxf7+ Kh8 33. Ne6 Qe7 34. Qxe7 Nxe7 35. Nc7 Nc6 36. Nxa6 Kg7 37. Kf3 Kf6 38. Ke4 Ke6 39. Nc5+ Kd6 40.
Nd3 1-0

[Event "Early-Titled-Tuesday-Blitz-April-02-2024"]
[Site "Chess.com"]
[Date "2024.04.02"]
[Round "1"]
[White "jcibarra"]
[Black "Chessexplained"]
[Result "1/2-1/2"]
[WhiteElo "2978"]
[BlackElo "2541"]
[TimeControl "180+1"]
[EndTime "8:06:57 PDT"]
[Termination "Game drawn by repetition"]

1. e4 c5 2. Nf3 a6 3. c4 Nc6 4. d4 cxd4 5. Nxd4 e5 6. Nf5 d5 7. cxd5 Bxf5 8. exf5 Nd4 9. Nc3 Nf6 10. Bd3 Be7 11.
O-O O-O 12. Re1 Nxd5 13. Rxe5 Nxc3 14. bxc3 Bf6 15. Re1 Nb5 16. Bb2 Nxc3 17. Qf3 Na4 18. Bxf6 Qxf6 19. Be4 Nc5 20. Bd5 Rfd8 21. Rad1 Rab8 22.
g3 h6 23. h4 b6 24. Kg2 Rd6 25. Bc4 Rbd8 26. Rxd6 Qxd6 27. Re2 b5 28. Bb3 Nxb3 29. axb3 Qd5 30. Re8+ Kh7 31. Qxd5 Rxd5 32. Ra8 Rd3 33. Rxa6 f6 34. Kh3 h5 35. Kg2 Rxb3 36.
Ra8 Rb1 37. Rb8 Rb3 38. Rb7 Rb2 39. Rb8 Rb3 40. Rb7 Rb2 41. Kf3 Rb3+ 42. Kf4 Rb4+ 43. Ke3 Rb3+ 44. Ke4 Rb2 45. Ke3 Rb3+ 46. Ke2 Rb2+ 47.
Kf1 Rb1+ 48. Kg2 Rb2 1/2-1/2

[Event "Early-Titled-Tuesday-Blitz-April-02-2024"]
[Site "Chess.com"]
[Date "2024.04.02"]
[Round "1"]
[White "chess_blitz00"]
[Black "Hikaru"]
[Result "0-1"]
[WhiteElo "2551"]
[BlackElo "3264"]
[TimeControl "180+1"]
[EndTime "8:06:58 PDT"]
[Termination "Hikaru won on time"]

1. e4 a6 2. d4 e6 3. Nc3 d5 4. exd5 exd5 5. Bd3 c6 6. Bf4 Bd6 7. Nge2 Bxf4 8. Nxf4 Qf6 9. Nfe2 Ne7 10. Qd2 Bf5 11. Bxf5 Nxf5 12. Qf4 Nd7 13. O-O-O O-O-O 14. Ng3 Nh4 15. Qxf6 Nxf6 16. Rhg1 Rde8 17. f3 Re6 18. Rd2 Rhe8 19. Nge2 g5 20. Kd1 h5 21. Na4 Kc7 22.
Nc5 R6e7 23. Nd3 Ng8 24. a4 Nf5 25. a5 Ne3+ 26. Kc1 Nc4 27. Nc3 Nxa5 28. b3 b6 29. Ne5 Nb7 30. Kd1 Nd6 31. Re2 Nh6 32. Rge1 Nhf5 33. Rd2 f6 34. Nd3 Nxd4 35. Rxe7+ Rxe7 36. Nb4 N6f5 37. Nxa6+ Kb7 38. Nb4 Ne6 39. Ne2 Ne3+ 40.
Ke1 Nxg2+ 41. Kf2 Ngf4 42. Nxf4 Nxf4 43. Nd3 Nxd3+ 44. Rxd3 b5 45. b4 Kb6 46. c3 h4 47.
h3 Ra7 48. f4 Ra2+ 49. Kf3 Rh2 50. Kg4 Rg2+ 51. Kf5 Rg3 52. Rd1 Rxc3 53. fxg5 fxg5 54. Kxg5 Rxh3 55. Rd4 Rc3 56. Rxh4 Rc4 57. Rh1 Rxb4 58. Kf5 Re4 0-1

[Event "Early-Titled-Tuesday-Blitz-April-02-2024"]
[Site "Chess.com"]
[Date "2024.04.02"]
[Round "1"]
[White "JoliyRoger"]
[Black "TheBigBoss04"]
[Result "0-1"]
[WhiteElo "2424"]
[BlackElo "2726"]
[TimeControl "180+1"]
[EndTime "8:06:58 PDT"]
[Termination "TheBigBoss04 won on time"]

1. d4 Nf6 2. c4 d6 3. Nc3 Nbd7 4. e4 e5 5. d5 g6 6. Nf3 Nc5 7. Qc2 a5 8. h3 h5 9. Be3 Na6 10. Qd2 b6 11. Bd3 Nc5 12. Bc2 Ng8 13. a3 Bh6 14.
Bxh6 Nxh6 15. b3 Ng8 16. Rb1 h4 17. b4 Nd7 18. Ba4 Nf6 19. Bc6 Ra6 20. c5 axb4 21.
axb4 Kf8 22. Bb5 Ra3 23. c6 Rxc3 24. Qxc3 Nxe4 25. Qb3 Ndf6 26. O-O Kg7 27. Ra1 Bf5 28. Bd3 Nh5 29. Bxe4 Bxe4 30. Nd2 Bf5 31. Ra7 Nf4 32. Qf3 Bd3 33. Rfa1 Be2 34. Qe3 Qg5 35. g4 hxg3 36. Qxg3 Nxh3+ 37. Kg2 Nf4+ 38. Kg1 Qh5 39. f3 Nd3 40. Qg2 Qh4 41. Rxc7 Nf4 0-1